 Dungeon Crawl Stone Soup version 0.31-a0-339-gda1cbd555d (webtiles) character file.

Game seed: 14838643371030484414

674 arthad the Shield-Bearer (level 7, -3/38 HPs)
             Began as a Vine Stalker Fighter on July 20, 2023.
             Slain by Duvessa
             ... wielding a +2 rapier of holy wrath
              (10 damage)
             ... on level 5 of the Dungeon.
             The game lasted 00:06:35 (2921 turns).

arthad the Shield-Bearer (Vine Stalker Fighter)     Turns: 2921, Time: 00:06:35

Health: -3/38      AC:  8    Str: 21    XL:     7   Next: 59%
Magic:  0/8        EV: 14    Int:  8    God:
Gold:   269        SH:  5    Dex: 13    Spells: 6/6 levels left

rFire   + . .        a - +0 trident
rCold   + . .        c - +0 buckler
rNeg    . . .        b - +0 scale mail
rPois   .            t - +0 helmet
rElec   .            i - scarf {rC+ rF+}
rCorr   .            (no gloves)
SInv    .            (no boots)
Will    .....        (no amulet) Stlth
                     h - +5 ring of evasion
HPRegen 1.06/turn    (no ring)
MPRegen 0.11/turn

%: guardian spirit
@: lit by a corona, glowing
A: fangs 2, regeneration 1, magic shield, antimagic bite, no potion heal 2
a: no special abilities


You were on level 5 of the Dungeon.
You visited 1 branch of the dungeon, and saw 5 of its levels.

You collected 269 gold pieces.

Inventory:

Hand Weapons
 a - a +0 trident (weapon)
 o - a +0 scythe
Missiles
 e - 9 poisoned darts (quivered)
Armour
 b - a +0 scale mail (worn)
 c - a +0 buckler (worn)
 i - a scarf of resistance (worn)
 p - a +0 robe of cold resistance
 t - a +0 helmet (worn)
Jewellery
 h - a +5 ring of evasion (left hand)
Wands
 n - a wand of quicksilver (5)
Scrolls
 f - 2 scrolls of immolation {unknown}
 g - 5 scrolls of identify {unknown}
 m - a scroll of vulnerability {unknown}
 q - a scroll of teleportation {unknown}
 r - a scroll of brand weapon {unknown}
 s - a scroll of fog {unknown}
Potions
 d - 2 potions of might
 j - 2 potions of cancellation {unknown}
 k - 2 potions of lignification {unknown}
 l - a potion of brilliance {unknown}


   Skills:
 + Level 4.5 Fighting
 + Level 3.9 Polearms
 + Level 4.1 Armour
 + Level 4.6 Shields


You had 6 spell levels left.
You didn't know any spells.
Your spell library contained the following spells:

 Spells                   Type           Power      Damage    Failure   Level
 Cigotuvi's Dreadful Rot  Necr/Pois/Air  0%         N/A       91%         2
 Poisonous Vapours        Pois/Air       0%         N/A       91%         2
 Mephitic Cloud           Conj/Pois/Air  0%         N/A       99%         3
 Dispel Undead            Necr           0%         3d6       100%        4
 Freezing Cloud           Conj/Ice/Air   0%         6-21      100%        5
 Death Channel            Necr           0%         N/A       100%        6


Dungeon Overview and Level Annotations

Branches:
Dungeon (5/15)
 Temple: D:4-7

Altars:
Cheibriados
Vehumet

Annotations:
D:5 Duvessa


Innate Abilities, Weirdness & Mutations

You have extremely sharp teeth.
Your natural rate of healing is unusually fast.
When hurt, damage is shared between your health and your magic reserves.
Your bite disrupts and absorbs the magic of your enemies.
Potions cannot restore your health.


Message History

You kill Dowan!
Duvessa weeps, and shakes her weapon.
Duvessa goes berserk!
The bolt of dispelling energy hits Duvessa!
Duvessa is moderately wounded.
The adder closely misses you.
Aiming: Quicksilver Bolt
Press: ? - help, Shift-Dir - straight line, f/p - Duvessa
Aim: Duvessa, wielding a +2 rapier of holy wrath and wearing a +0 ring mail (moderately wounded, berserk, 79% to hit)
The bolt of dispelling energy misses the adder.
The bolt of dispelling energy hits Duvessa!
Duvessa is heavily wounded.
You block the adder's attack.
Aiming: Quicksilver Bolt
Press: ? - help, Shift-Dir - straight line, f/p - Duvessa
Aim: Duvessa, wielding a +2 rapier of holy wrath and wearing a +0 ring mail (heavily wounded, berserk, 79% to hit)
The bolt of dispelling energy misses the adder.
The bolt of dispelling energy hits Duvessa!
Duvessa is severely wounded.
The adder closely misses you. The adder bites you but does no damage.
Aiming: Quicksilver Bolt
Press: ? - help, Shift-Dir - straight line, f/p - Duvessa
Aim: Duvessa, wielding a +2 rapier of holy wrath and wearing a +0 ring mail (severely wounded, berserk, 79% to hit)
The bolt of dispelling energy hits the adder!
You kill the adder!
The bolt of dispelling energy hits Duvessa!
Duvessa is almost dead.
You block Duvessa's attack.
You hit Duvessa but do no damage. Your bite misses Duvessa.
Duvessa is almost dead.
Duvessa hits you with a +2 rapier of holy wrath!
You closely miss Duvessa. You bite Duvessa, but do no damage.
Duvessa is almost dead.
Duvessa misses you. You block Duvessa's attack.
You hit Duvessa but do no damage.
Duvessa is almost dead.
Duvessa hits you with a +2 rapier of holy wrath!
* * * LOW HITPOINT WARNING * * *
Duvessa hits you with a +2 rapier of holy wrath!
You die...

#.........####.# .
#.........# #.# ...
#.........# #.#
.....#...[.....####.#
......e........##...#
#.....)#....#####.###
#.....)#)#### #.#
#...(..#e# #.#
###(..##@# #.# #(..
#.########.# ...!
..........>#
#(......########.#
.......# ##.#
....###.####..# .....
#.##...## ......
#.#..######
...<###.........#


You could see Duvessa (berserk).

Vanquished Creatures
  Sigmund (D:4)
  A black bear (D:5)
  A scorpion (D:5)
  Dowan (D:5)
  A jelly (D:5)
  An orc wizard (D:5)
  A sleepcap (D:4)
  An iguana (D:4)
  Robin (D:4)
  3 gnolls (D:4)
  8 adders
  An ufetubus (D:3)
  A dart slug (D:4)
  2 worms (D:3)
  7 orcs
  4 bats
  4 endoplasms
  2 giant cockroaches
  15 goblins
  9 hobgoblins
  4 jackals (D:4)
  4 quokkas
  6 ball pythons
  6 frilled lizards
  5 kobolds
  4 rats
94 creatures vanquished.

Notes
Turn   | Place    | Note
-------+----------+-------------------------------------------
     0 | D:1      | arthad the Vine Stalker Fighter began the quest for the
                  | Orb.
     0 | D:1      | Reached XP level 1. HP: 11/11 MP: 2/2
   137 | D:1      | Reached XP level 2. HP: 16/16 MP: 3/3
   501 | D:1      | Found a faded altar of an unknown god.
   727 | D:2      | Reached XP level 3. HP: 20/20 MP: 4/4
  1444 | D:3      | Gained mutation: Your natural rate of healing is unusually
                  | fast. [Vine Stalker growth]
  1444 | D:3      | Reached XP level 4. HP: 21/24 MP: 3/5
  1666 | D:4      | Noticed Robin
  1771 | D:3      | Found a radiant altar of Vehumet.
  1908 | D:3      | Reached XP level 5. HP: 28/28 MP: 6/6
  1973 | D:3      | Found a snail-covered altar of Cheibriados.
  2222 | D:4      | Noticed Sigmund
  2235 | D:4      | Killed Sigmund
  2236 | D:4      | Reached XP level 6. HP: 8/33 MP: 7/7
  2571 | D:4      | Killed Robin
  2767 | D:5      | Entered Level 5 of the Dungeon
  2778 | D:5      | Reached XP level 7. HP: 36/37 MP: 6/8
  2896 | D:5      | Noticed Dowan
  2899 | D:5      | Noticed Duvessa
  2915 | D:5      | Killed Dowan
  2921 | D:5      | Slain by Duvessa

Illustrated notes

Levels and vault maps discovered:
D:1:      dpeg_arrival_simpleton_a, layout_basic,
          chequers_ecumenical_altar_simple_redux
D:2:      layout_loops_ring, solitary_fountain
D:3:      kb_forest_paths, layout_loops_ring, nicolae_overflow_crystal_walls,
          cheibrodos_worm_habitat
D:4:      layout_basic, uniq_sigmund, uniq_robin
D:5:      layout_basic, nicolae_qazlal_beasts_of_the_sky, uniq_duvessa

Skill      XL: |  1  2  3  4  5  6  7 |
---------------+----------------------+-----
Polearms       | 2 3 |  3.9
Fighting       | 3 4 |  4.5
Shields        | 3 4 |  4.6
Armour         | 3 4 |  4.1

Action                     |  1- 3 |  4- 6 |  7- 9 || total
---------------------------+-------+-------+-------++-------
  Melee: Trident           |    87 |   182 |    38 ||   307
         Bite              |    11 |    33 |     9 ||    53
  Throw: Dart              |       |     7 |     7 ||    14
  Evoke: Wand              |       |       |     4 ||     4
 Armour: Scale mail        |    23 |    31 |    30 ||    84
  Dodge: Dodged            |    36 |    98 |    25 ||   159
  Block: Buckler           |    18 |    38 |    14 ||    70

Table legend: (Time is in decaauts)
 A = Elapsed time spent in this place.
 B = Non-inter-level travel time spent in this place.
 C = Inter-level travel time spent in this place.
 D = Time resting spent in this place.
 E = Time spent auto-exploring this place.
 F = Levels seen in this place.
 G = Mean time per level.
                   A        B        C        D        E       F      G
               +--------+--------+--------+--------+--------+-----+--------+
         Total |   2990 |   2771 |    219 |      0 |   2103 |   5 |  598.0 |
       Dungeon |   2990 |   2771 |    219 |      0 |   2103 |   5 |  598.0 |
               +--------+--------+--------+--------+--------+-----+--------+

Top non-repeatable levels by time:
     D:3: 822 daAuts
     D:1: 715 daAuts
     D:2: 664 daAuts
     D:4: 628 daAuts
     D:5: 160 daAuts
